 Dungeon Crawl Stone Soup version 0.27-a0-1196-g3e9cee4cb2 (webtiles) character file.

Game seed: 1435557943451515412

340244 Glokmah the Scribe (level 21, 0/165 HPs)
             Began as a Demonspawn Necromancer on May 23, 2021.
             Was a Priest of Sif Muna.
             Slain by a grey draconian monk (7 damage)
             ... summoned by old memories
             ... in a wizard's laboratory on May 27, 2021.
             The game lasted 04:37:40 (71713 turns).

Glokmah the Scribe (Demonspawn Necromancer)        Turns: 71713, Time: 04:37:40

Health: 0/165      AC: 13    Str: 10    XL:     21   Next: 6%
Magic:  0/47       EV: 14    Int: 28    God:    Sif Muna [***...]
Gold:   783        SH:  8    Dex: 17    Spells: 6/46 levels left

rFire    + + +     SeeInvis +   a - staff of conjuration
rCold    + . .     Faith    +   X - +3 buckler
rNeg     + . .     Spirit   +   x - +3 leather armour {rC+}
rPois    +         Reflect  .   (helmet unavailable)
rElec    +         Harm     .   M - +1 cloak {rPois}
rCorr    .         Rampage  .   p - +2 pair of gloves {Dex+3}
Will     +++++                  J - +0 pair of boots "Xewolup" {Drain +Blink rElec rPois rF+++}
Stlth    ++........             e - amulet of faith
HPRegen  0.37/turn              E - ring of the Mage {Wiz Will++ Int+3}
MPRegen  0.60/turn              W - ring "Siegaur" {rN+ Will++ MP+9}

@: studying Bows
A: antennae 3, icemail 2, magic shield, magic regeneration, sturdy frame 3,
condensation shield, demonic willpower
}: 2/15 runes: serpentine, barnacled
a: Renounce Religion, Evoke Blink, Channel Magic, Forget Spell


You were in a wizard's laboratory.
You worshipped Sif Muna.
Sif Muna was most pleased with you.
You visited 7 branches of the dungeon, and saw 35 of its levels.
You also visited: Bailey, Ice Cave, Volcano, Wizlab and Desolation.

You collected 4496 gold pieces.
You spent 3713 gold pieces at shops.

Inventory:

Hand Weapons
 I - the +5 dire flail "Luaphagi" {drain, rF+ rN+ rCorr Stlth+}
   (You took it off a two-headed ogre on level 10 of the Dungeon)

   A truly terrible weapon, it drains the life of those it strikes.
   It protects you from fire.
   It protects you from negative energy.
   It protects you from acid and corrosion.
   It makes you more stealthy.
Missiles
 z - 58 poisoned darts (quivered)
 A - 8 curare-tipped darts
 D - 78 boomerangs
 F - 12 boomerangs of dispersal
 O - 7 throwing nets
Armour
 p - a +2 pair of gloves of dexterity (worn)
 x - a +3 leather armour of cold resistance (worn)
 G - a +3 chain mail of cold resistance
 J - the +0 pair of boots "Xewolup" (worn) {Drain +Blink rElec rPois rF+++}
   (You found it on level 9 of the Dungeon)

   It renders you almost immune to fire.
   It insulates you from electricity.
   It protects you from poison.
   It lets you blink.
   It drains your maximum health when unequipped.
 M - a +1 cloak of poison resistance (worn)
 X - a +3 buckler (worn)
Magical Staves
 a - a staff of conjuration (weapon)
 b - a staff of death
 V - a staff of cold
Jewellery
 c - a +6 ring of intelligence
 e - an amulet of faith (around neck)
 h - a ring of positive energy
 u - the ring of Egalitarianism {rC+ Will+}
   (You found it in the Desolation of Salt)

   [ring of protection from cold]

   It protects you from cold.
   It increases your willpower.
 C - the ring "Hastrauh" {Fly Dex+3}
   (You found it in the Desolation of Salt)

   [ring of flight]

   It affects your dexterity (+3).
   It grants you flight.
 E - the ring of the Mage (left hand) {Wiz Will++ Int+3}
   (You bought it in a shop on level 1 of the Orcish Mines)

   [ring of wizardry]

   It improves your spell success rate.
   It affects your intelligence (+3).
   It greatly increases your willpower.
 W - the ring "Siegaur" (right hand) {rN+ Will++ MP+9}
   (You bought it in a shop on level 1 of the Orcish Mines)

   [ring of magical power]

   It protects you from negative energy.
   It affects your magic capacity (+9).
   It greatly increases your willpower.
Wands
 m - a wand of iceblast (47)
 o - a wand of paralysis (30)
 t - a wand of acid (29)
 Q - a wand of polymorph (10)
 S - a wand of mindburst (12)
 T - a wand of digging (21)
 U - a wand of charming (19)
Scrolls
 d - 4 scrolls of teleportation
 j - 3 scrolls of amnesia
 l - a scroll of summoning
 y - 3 scrolls of fog
 H - 11 scrolls of identify
 N - 3 scrolls of enchant armour
 P - 7 scrolls of enchant weapon
 R - a scroll of fear
 Y - 2 scrolls of brand weapon
 Z - 2 scrolls of blinking
Potions
 f - 6 potions of haste
 g - 6 potions of might
 i - 3 potions of cancellation
 k - 12 potions of brilliance
 n - 6 potions of ambrosia
 q - 2 potions of magic
 r - 6 potions of lignification
 s - 6 potions of mutation
 v - 6 potions of curing
 w - 7 potions of attraction
 B - 10 potions of resistance
 L - 3 potions of flight


   Skills:
 + Level 14.2 Fighting
 + Level 3.9 Armour
 + Level 4.3 Dodging
 - Level 1.7 Stealth
 - Level 4.0 Shields
 + Level 13.3 Spellcasting
 + Level 16.8 Conjurations
 - Level 6.0 Hexes
 - Level 13.0 Necromancy
 - Level 2.1 Translocations
 - Level 10.0 Fire Magic
 + Level 5.6 Ice Magic
 * Level 14.0 Earth Magic
 - Level 19.0 Invocations


You had 6 spell levels left.
You knew the following spells:

 Your Spells              Type           Power      Damage    Failure   Level
a - Iron Shot             Conj/Erth      51%        9d10      1%          6
b - Inner Flame           Hex/Fire       59%        N/A       1%          3
c - Lee's Rapid Deconstr  Erth           39%        3d20*     1%          5
d - Agony                 Necr           75%        N/A       1%          5
e - Sticky Flame          Conj/Fire      96%        2d11      1%          4
f - Blink                 Tloc           N/A        N/A       1%          2
g - Dispel Undead         Necr           75%        3d25      1%          4
h - Freeze                Ice            100%       1d11      1%          1
i - Fireball              Conj/Fire      48%        3d19      1%          5
j - Borgnjor's Vile Clut  Necr/Erth      38%        N/A       1%          5

Your spell library contained the following spells:

 Spells                   Type           Power      Damage    Failure   Level
 Animate Skeleton         Necr           100%       N/A       0%          1
 Foxfire                  Conj/Fire      100%       2x1d9     0%          1
 Magic Dart               Conj           100%       1d8       0%          1
 Pain                     Necr           100%       1d9       0%          1
 Sandblast                Erth           100%       2d20      0%          1
 Searing Ray              Conj           100%       3d7       0%          2
 Sublimation of Blood     Necr           37%        N/A       0%          2
 Stone Arrow              Conj/Erth      100%       3d13      0%          3
 Apportation              Tloc           60%        N/A       1%          1
 Corona                   Hex            56%        N/A       1%          1
 Shock                    Conj/Air       100%       1d9       1%          1
 Summon Small Mammal      Summ           72%        N/A       1%          1
 Call Imp                 Summ           18%        N/A       1%          2
 Corpse Rot               Necr/Air       N/A        N/A       1%          2
 Ensorcelled Hibernation  Hex/Ice        100%       N/A       1%          2
 Passwall                 Tmut/Erth      45%        N/A       1%          2
 Poisonous Vapours        Pois/Air       36%        N/A       1%          2
 Slow                     Hex            51%        N/A       1%          2
 Static Discharge         Conj/Air       78%        N/A       1%          2
 Confusing Touch          Hex            51%        N/A       1%          3
 Conjure Flame            Conj/Fire      96%        6-21      1%          3
 Dazzling Flash           Conj/Hex       100%       N/A       1%          3
 Frozen Ramparts          Ice            100%       1d12      1%          3
 Gell's Gravitas          Tloc           15%        N/A       1%          3
 Ignite Poison            Fire/Tmut/Pois 37%        N/A       1%          3
 Lesser Beckoning         Tloc           15%        N/A       1%          3
 Mephitic Cloud           Conj/Pois/Air  66%        N/A       1%          3
 Ozocubu's Armour         Ice            50%        N/A       1%          3
 Portal Projectile        Hex/Tloc       82%        N/A       1%          3
 Summon Guardian Golem    Hex/Summ       35%        N/A       1%          3
 Tukima's Dance           Hex            51%        N/A       1%          3
 Vampiric Draining        Necr           37%        2d11      1%          3
 Animate Armour           Summ/Erth      100%       N/A       1%          4
 Animate Dead             Necr           37%        N/A       1%          4
 Cause Fear               Hex            25%        N/A       1%          4
 Fulminant Prism          Conj/Hex       44%        3d20      1%          4
 Hailstorm                Conj/Ice       89%        3d18      1%          4
 Iskenderun's Mystic Bla  Conj/Tloc      82%        2d16      1%          4
 Leda's Liquefaction      Hex/Erth       33%        N/A       1%          4
 Petrify                  Tmut/Erth      55%        N/A       1%          4
 Bolt of Magma            Conj/Fire/Erth 48%        4d20      1%          5
 Excruciating Wounds      Necr           37%        N/A       1%          5
 Irradiate                Conj/Tmut      39%        3d27      1%          5
 Iskenderun's Battlesphe  Conj           100%       2d15      1%          5
 Lightning Bolt           Conj/Air       39%        1d57      1%          5
 Starburst                Conj/Fire      48%        8x6d13    1%          6
 Metabolic Englaciation   Hex/Ice        25%        N/A       2%          5
 Call Canine Familiar     Summ           18%        N/A       3%          3
 Spider Form              Tmut/Pois      9%         N/A       3%          3
 Swiftness                Air            18%        N/A       3%          3
 Ice Form                 Ice/Tmut       34%        N/A       3%          4
 Summon Ice Beast         Ice/Summ       34%        N/A       3%          4
 Simulacrum               Ice/Necr       31%        N/A       4%          6
 Conjure Ball Lightning   Conj/Air       39%        3x3d13    6%          6
 Silence                  Hex/Air        17%        N/A       9%          5
 Summon Mana Viper        Hex/Summ       35%        N/A       9%          5
 Yara's Violent Unravell  Hex/Tmut       17%        3d8       9%          5
 Freezing Cloud           Conj/Ice/Air   37%        6-21      9%          6
 Statue Form              Tmut/Erth      36%        N/A       10%         6
 Airstrike                Air            9%         N/A       12%         4
 Summon Lightning Spire   Summ/Air       18%        N/A       12%         4
 Manifold Assault         Tloc           30%        N/A       13%         5
 Invisibility             Hex            51%        N/A       16%         6
 Alistair's Intoxication  Tmut/Pois      12%        N/A       30%         5
 Hydra Form               Tmut           9%         N/A       30%         5
 Dispersal                Tloc           15%        N/A       56%         6
 Shadow Creatures         Summ           N/A        N/A       83%         6
 Orb of Destruction       Conj           53%        9d16      1%          7
 Lehudib's Crystal Spear  Conj/Erth      51%        10d12     13%         8
 Spellforged Servitor     Conj/Summ      39%        N/A       28%         7
 Infestation              Necr           37%        N/A       32%         8
 Haunt                    Necr/Summ      26%        N/A       52%         7
 Ozocubu's Refrigeration  Ice            25%        4d10      65%         7
 Ignition                 Fire           32%        3d10      73%         8
 Chain Lightning          Conj/Air       39%        N/A       90%         8
 Shatter                  Erth           39%        3d31*     96%         9
 Fire Storm               Conj/Fire      48%        8d12      98%         9
 Malign Gateway           Summ/Tloc      12%        N/A       99%         7
 Discord                  Hex            25%        N/A       99%         8
 Necromutation            Tmut/Necr      26%        N/A       99%         8
 Absolute Zero            Ice            25%        ∞         100%        9
 Dragon's Call            Summ           9%         N/A       100%        9
 Tornado                  Air            9%         N/A       100%        9


Dungeon Overview and Level Annotations

Branches:
Dungeon (15/15)            Temple (1/1) D:6            Lair (6/6) D:10
 Shoals (4/4) Lair:4        Snake (4/4) Lair:4        Slime (0/5) Lair:6
    Orc (2/2) D:12            Elf (0/3) Orc:2        Vaults (3/5) D:13
  Crypt (0/3) Vaults:3     Depths (0/5) D:15         Bailey (visited)
  IceCv (visited)         Volcano (visited)          WizLab (1/1)
Desolation (visited)

Altars:
Ashenzari
Cheibriados
Dithmenos
Elyvilon
Fedhas
Gozag
Hepliaklqana
Kikubaaqudgha
Makhleb
Nemelex Xobeh
Okawaru
Qazlal
Ru
Sif Muna
Trog
Uskayaw
Vehumet
Wu Jian
Xom
Yredelemnul
Zin
The Shining One
Beogh
Jiyva

Shops:
D:1 *   D:9 [   D:15 :(*!   Orc:1 =   Orc:2 =*([   Shoals:4 [   Snake:1 (


Innate Abilities, Weirdness & Mutations

You have a pair of large antennae on your head. (SInv)
A meltable icy envelope protects you from harm. (AC +0)
When hurt, damage is shared between your health and your magic reserves.
You regenerate magic rapidly.
Your movements are significantly less encumbered by armour. (ER -6)
A meltable shield of frost defends you. (SH +0)
You punish those that try to bend your will. (Will+)


Message History

You feel a surge of power!
The iron shot hits the monstrous demonspawn!!!
The monstrous demonspawn is severely wounded.
Casting: Iron Shot (mildly dangerous; 1% risk of failure)
Confirm with . or Enter, or press ? or * to list all spells.
Aiming: Iron Shot (mildly dangerous; 1% risk of failure)
Press: ? - help, Shift-Dir - straight line, f/p - monstrous demonspawn
Aim: a monstrous demonspawn, wearing a +0 leather armour (flame, severely wounded, summoned, 78% to hit)
You feel a surge of power!
The iron shot hits the monstrous demonspawn!!!
You kill the monstrous demonspawn!
The monstrous demonspawn's corpse dissolves into shadows!
The deep troll is engulfed in blazing flames.
The deep troll bites you but does no damage.
The deep troll claws you!
* * * LOW HITPOINT WARNING * * *
The deep troll claws you but does no damage.
Casting: Iron Shot (mildly dangerous; 1% risk of failure)
Confirm with . or Enter, or press ? or * to list all spells.
You blink.
Your surroundings suddenly seem different.
There is a faint scream of pain from a crouched figure.
This too fades quickly.
You feel less invigorated.
You start resting.
Shadows coalesce into solid form.
The grey draconian monk roars!
The dungeon rumbles!
The grey draconian monk is moderately wounded.
The grey draconian monk is severely wounded.
You can no longer call upon Sif Muna to cast any spell from your library.
You hear a shout!
The grey draconian monk hits you!!
* * * LOW HITPOINT WARNING * * *
The grey draconian monk misses you.
The grey draconian monk barely misses you.
The grey draconian monk tail-slaps you but does no damage.
Okay, then.
Okay, then.
You feel better. The grey draconian monk hits you!
You die...

##++## ##....##
{#......# #q.....#
################@.....#
#.............###q...##
............... ######
#..###'''###..
####♣♣....♣#
♣♣♣♣.......♣♣♣
♣............♣♣
.......8......♣♣ #####
...............♣##...##


You could see 2 draconians.

Vanquished Creatures
  The ghost of celly00 the Cloud Mage, an adept TeWz of Vehumet (Vaults:1)
  Jorgrun (D:12)
  Asterion (Snake:2)
  Gastronok (D:7)
  A tengu reaver (Vaults:2)
  A revenant (Vaults:1)
  3 nagarajas
  7 vault wardens
  2 frost giants
  3 orc warlords
  Aizul (Shoals:1)
  11 ironbound preservers
  2 very ugly things
  2 entropy weavers
  3 halazid warlocks (Desolation)
  A dire elephant (Vaults:2)
  2 eidola (Vaults:1)
  A merfolk javelineer (Shoals:3)
  Snorg (Lair:5)
  11 merfolk impalers
  3 crystal guardians (Desolation)
  Josephine (D:15)
  2 great orbs of eyes (Vaults:2)
  4 ragged hierophants
  3 ironbound thunderhulks
  5 salamander tyrants (Snake:4)
  11 hydras
  7 servants of whispers (Desolation)
  4 boulder beetles
  A rakshasa (D:14)
  4 yaktaur captains
  The ghost of crabbyslav the Warmonger, a journeyman DsGl of Okawaru (D:10)
  An ice dragon (Lair:5)
  16 naga warriors
  3 peacekeepers (Desolation)
  Erica (D:11)
  10 vault guards
  2 merfolk avatars (Shoals:2)
  5 catoblepae
  8 ironbound frosthearts (Vaults:2)
  6 centaur warriors
  3 alligator snapping turtles
  2 death knights
  26 anacondas
  A dancing weapon (Volcano)
  A satyr (Shoals:3)
  8 two-headed ogres
  2 tengu warriors (D:14)
  20 death yaks
  3 merfolk aquamancers
  2 ironbound beastmasters (Vaults:2)
  12 naga sharpshooters
  2 orc high priests (Orc:2)
  10 shock serpents
  A titan skeleton (Vaults:2)
  Nergalle (D:11)
  7 salamander mystics
  10 skeletal warriors
  12 sea snakes
  2 flayed ghosts
  6 lindwurms
  11 naga ritualists
  29 deep trolls
  A glowing orange brain (D:15)
  22 harpies
  12 wizards
  Pikel (D:3)
  A phantasmal warrior (D:14)
  8 orc knights
  21 mana vipers
  A deep elf zephyrmancer (D:14)
  11 ironbound convokers
  5 deep elf pyromancers
  A necromancer (Vaults:2)
  3 oklob plants
  A wolf spider (D:13)
  A human zombie (Vaults:2)
  4 orc sorcerers
  9 cyclopes
  19 salamanders
  17 manticores
  16 fauns
  A sphinx skeleton (Vaults:2)
  5 toenail golems (Volcano)
  21 ugly things
  A black mamba (shapeshifter) (D:14)
  9 merfolk sirens
  36 black mambas
  An ice statue (IceCv)
  11 elephants
  13 guardian serpents
  9 cane toads
  3 vault sentinels
  8 water nymphs
  21 naga magi
  2 gargoyles (D:12)
  2 molten gargoyles (Desolation)
  An unseen horror (D:12)
  Psyche (D:10)
  Maggie (D:9)
  A kobold demonologist (D:13)
  4 rime drakes
  10 komodo dragons
  5 freezing wraiths
  2 efreet (D:14)
  2 tengu conjurers (D:13)
  6 yaktaurs (Vaults:2)
  28 merfolk
  A meliai (D:13)
  15 polar bears
  9 trolls
  A merfolk (shapeshifter) (D:15)
  2 hornets
  4 wind drakes
  2 jumping spiders
  A blink frog (shapeshifter) (D:15)
  43 saltlings
  18 dream sheep
  13 slime creatures
  An ettin zombie (Vaults:2)
  11 snapping turtles
  13 blink frogs
  Sigmund (D:4)
  A centaur simulacrum (D:13)
  2 redbacks (Vaults:2)
  A tarantella (Vaults:2)
  14 water elementals
  7 wraiths
  Eustachio (D:5)
  2 shadows (Vaults:1)
  2 wyverns
  2 fire elementals (Lair:3)
  The ghost of DasRunzen the Poker, an amateur DgGl (D:5)
  4 basilisks
  19 humans
  79 yaks
  7 vampire mosquitoes
  3 wargs (Orc:2)
  43 nagas
  12 water moccasins
  2 black bears
  48 orc warriors
  5 sky beasts
  15 ogres
  5 centaurs
  21 wolves
  3 lemures (D:3)
  5 kobold brigands
  12 bullfrogs
  8 gnoll sergeants
  4 scorpions
  23 killer bees
  2 electric eels (D:9)
  3 wights (D:8)
  5 howler monkeys
  A lava snake (Lair:3)
  2 hounds
  2 centaur zombies
  19 orc priests
  2 jellies
  A bullfrog skeleton (D:6)
  A centaur skeleton (D:4)
  5 iguanas
  Ijyb (D:3)
  28 orc wizards
  2 killer bee zombies
  A hound skeleton (D:5)
  A howler monkey zombie (D:9)
  15 gnolls
  A howler monkey skeleton (D:6)
  19 adders
  2 shadow imps
  A white imp (D:7)
  A worm (D:2)
  3 dart slugs
  92 orcs
  6 ball pythons
  6 endoplasms
  3 giant cockroaches (D:1)
  3 goblins (D:1)
  2 hobgoblins (D:4)
  6 jackals
  13 kobolds
  5 quokkas
  6 bats
  5 frilled lizards
  A quokka skeleton (D:4)
  6 rats
  A butterfly (Lair:5)
  2 pillars of salt (Desolation)
1444 creatures vanquished.

Vanquished Creatures (collateral kills)
  A black mamba (Lair:6)
  A kobold brigand (D:6)
2 creatures vanquished.

Vanquished Creatures (others)
  A bush (Lair:1)
  305 foxfires
  56 fungi
  2 pillars of salt (Desolation)
  238 plants
  3 withered plants (Desolation)
605 creatures vanquished.

Grand Total: 2051 creatures vanquished

Notes
Turn   | Place    | Note
-------+----------+-------------------------------------------
     0 | D:1      | Glokmah the Demonspawn Necromancer began the quest for the
                  | Orb.
     0 | D:1      | Reached XP level 1. HP: 13/13 MP: 3/3
    45 | D:1      | Learned a level 1 spell: Animate Skeleton
   410 | D:1      | Gained mutation: You regenerate magic rapidly. [demonic
                  | ancestry]
   410 | D:1      | Reached XP level 2. HP: 16/20 MP: 0/5
   536 | D:1      | Reached skill level 1 in Fighting
   812 | D:1      | Found Kuyrupt's Assorted Antiques.
   936 | D:1      | Reached skill level 5 in Necromancy
   936 | D:1      | Gained mutation: A meltable shield of frost defends you.
                  | (SH +0) [demonic ancestry]
   936 | D:1      | Reached XP level 3. HP: 23/26 MP: 1/6
  1118 | D:1      | Learned a level 3 spell: Vampiric Draining
  1799 | D:2      | Gained mutation: A meltable icy envelope protects you from
                  | harm. (AC +0) [demonic ancestry]
  1799 | D:2      | Reached XP level 4. HP: 29/32 MP: 3/7
  1861 | D:2      | Found a faded altar of an unknown god.
  2574 | D:3      | Noticed Ijyb
  2580 | D:3      | Killed Ijyb
  2895 | D:3      | Noticed a scorpion
  3074 | D:3      | Killed a scorpion
  3075 | D:3      | Gained mutation: Your movements are slightly less
                  | encumbered by armour. (ER -2) [demonic ancestry]
  3075 | D:3      | Reached XP level 5. HP: 31/38 MP: 3/9
  3703 | D:4      | Noticed Sigmund
  3840 | D:4      | Noticed a lemure
  3847 | D:4      | Noticed an ogre
  3848 | D:4      | Noticed a lemure
  3974 | D:3      | Killed a lemure
  4066 | D:4      | Noticed Pikel
  4070 | D:4      | Noticed a lemure
  4072 | D:4      | Noticed a lemure
  4387 | D:3      | Killed a lemure
  4496 | D:4      | Noticed an ogre
  4501 | D:4      | Killed an ogre
  4502 | D:4      | Reached XP level 6. HP: 31/46 MP: 3/11
  4744 | D:4      | Learned a level 4 spell: Animate Dead
  4750 | D:4      | Learned a level 1 spell: Foxfire
  5062 | D:3      | Killed Pikel
  5063 | D:3      | Reached skill level 1 in Fire Magic
  5063 | D:3      | Reached XP level 7. HP: 9/53 MP: 0/13
  5379 | D:4      | Killed Sigmund
  5380 | D:4      | Gained mutation: Your movements are less encumbered by
                  | armour. (ER -4) [demonic ancestry]
  5380 | D:4      | Reached XP level 8. HP: 54/60 MP: 8/14
  5918 | D:5      | Entered Level 5 of the Dungeon
  6452 | D:5      | Noticed DasRunzen's ghost (amateur DgGl)
  6454 | D:5      | Found a transporter.
  6475 | D:5      | Learned a level 5 spell: Agony
  6628 | D:5      | Found a transporter.
  6830 | D:5      | Noticed Eustachio
  6845 | D:5      | Killed Eustachio
  7101 | D:6      | Found a hide-covered altar of Uskayaw.
  7588 | D:6      | Reached XP level 9. HP: 45/66 MP: 7/16
  7605 | D:6      | Reached skill level 5 in Spellcasting
  7755 | D:6      | Reached skill level 5 in Conjurations
  8094 | D:6      | Noticed a two-headed ogre
  8119 | D:5      | Reached skill level 5 in Fighting
  8267 | D:6      | Killed a two-headed ogre
  8674 | D:6      | Found a staircase to the Ecumenical Temple.
  8686 | Temple   | Entered the Ecumenical Temple
  8876 | Temple   | Became a worshipper of Sif Muna the Loreminder
  8942 | D:6      | Identified the +1 leather armour "Axtis" {Rampage rCorr}
  9347 | D:7      | Learned a level 4 spell: Sticky Flame
  9350 | D:7      | Found a broken altar of Ashenzari.
  9661 | D:7      | Reached skill level 10 in Necromancy
 10221 | D:7      | Gained mutation: When hurt, damage is shared between your
                  | health and your magic reserves. [demonic ancestry]
 10221 | D:7      | Reached XP level 10. HP: 72/76 MP: 13/18
 10450 | D:8      | Noticed Gastronok
 10626 | D:7      | HP: 2/76 [Gastronok/the air (17)]
 11451 | D:7      | Killed Gastronok
 11727 | D:8      | Learned a level 2 spell: Blink
 11992 | D:8      | Found a basalt altar of Yredelemnul.
 11994 | D:8      | Noticed a profane servitor
 12024 | D:8      | Found an ornate altar of the Wu Jian Council.
 12183 | D:8      | Noticed an angel
 12280 | D:8      | Reached * piety under Sif Muna
 12801 | D:9      | Reached skill level 1 in Translocations
 13078 | D:9      | Found Qulagies's Armour Shop.
 13284 | D:9      | Reached skill level 5 in Fire Magic
 13885 | D:9      | Identified the +0 pair of boots "Xewolup" {Drain +Blink
                  | rElec rPois rF+++}
 13955 | D:9      | Reached XP level 11. HP: 57/83 MP: 2/20
 14187 | D:9      | Reached skill level 1 in Invocations
 14332 | D:9      | Noticed a two-headed ogre
 14341 | D:9      | Killed a two-headed ogre
 14471 | D:9      | Noticed Maggie
 14480 | D:9      | Killed Maggie
 14599 | D:9      | Noticed a two-headed ogre
 14610 | D:8      | Killed a two-headed ogre
 14611 | D:8      | Reached skill level 2 in Invocations
 15273 | D:10     | Entered Level 10 of the Dungeon
 15394 | D:10     | Found a staircase to the Lair.
 15524 | D:10     | Found a transporter.
 15526 | D:10     | Noticed a two-headed ogre
 15527 | D:10     | Noticed crabbyslav's ghost (journeyman DsGl)
 15529 | D:10     | Identified the +5 dire flail "Luaphagi" {drain, rF+ rN+
                  | rCorr Stlth+}
 15529 | D:10     | Noticed a two-headed ogre
 15530 | D:10     | Found a transporter.
 15797 | D:10     | Noticed Psyche
 15804 | D:10     | Killed Psyche
 15898 | D:10     | Noticed an eight-headed hydra
 15898 | D:10     | Noticed a boulder beetle
 16205 | D:5      | Reached ** piety under Sif Muna
 16222 | D:5      | Reached skill level 3 in Invocations
 16254 | D:5      | Killed DasRunzen's ghost
 17251 | Lair:1   | Entered Level 1 of the Lair of Beasts
 17810 | Lair:1   | Reached skill level 4 in Invocations
 18600 | Lair:1   | Reached XP level 12. HP: 66/91 MP: 6/22
 18788 | Lair:1   | Reached skill level 5 in Invocations
 19263 | Lair:1   | Learned a level 3 spell: Inner Flame
 19997 | Lair:2   | Noticed a death yak
 19997 | Lair:2   | Noticed a death yak
 19997 | Lair:2   | Noticed a death yak
 19999 | Lair:2   | Noticed a death yak
 20182 | Lair:2   | Noticed a death yak
 20339 | Lair:2   | Noticed a four-headed hydra
 20346 | Lair:2   | Killed a four-headed hydra
 20347 | Lair:2   | Reached skill level 1 in Hexes
 20347 | Lair:2   | Reached skill level 6 in Invocations
 20456 | Lair:2   | Identified a scroll of acquirement
 20456 | Lair:2   | Acquired a staff of conjuration
 20557 | Lair:2   | Noticed a death yak
 20570 | Lair:2   | Killed a death yak
 20571 | Lair:2   | Reached skill level 10 in Conjurations
 20584 | Lair:1   | Killed a death yak
 20772 | Lair:1   | Killed a death yak
 21228 | Lair:1   | Killed a death yak
 21232 | Lair:1   | Killed a death yak
 21232 | Lair:1   | Reached *** piety under Sif Muna
 21233 | Lair:1   | Reached skill level 7 in Invocations
 21447 | Lair:2   | Killed a death yak
 21624 | Lair:3   | Found a dark tunnel.
 21630 | Volcano  | Entered a volcano
 21875 | Volcano  | Learned a level 3 spell: Stone Arrow
 22024 | Volcano  | Reached skill level 8 in Invocations
 22222 | Volcano  | Gained mutation: You have a pair of small antennae on your
                  | head. [demonic ancestry]
 22222 | Volcano  | Reached XP level 13. HP: 71/99 MP: 19/25
 23239 | Lair:3   | Reached skill level 1 in Shields
 23665 | Lair:3   | Reached skill level 5 in Hexes
 23737 | Lair:3   | Reached skill level 9 in Invocations
 24832 | Lair:4   | Found a staircase to the Snake Pit.
 25475 | Lair:4   | Found a staircase to the Shoals.
 25800 | Lair:5   | Noticed Snorg
 25813 | Lair:5   | Killed Snorg
 25814 | Lair:5   | Reached skill level 10 in Invocations
 25855 | Lair:5   | Found a frozen archway.
 26044 | IceCv    | Entered an ice cave
 26419 | IceCv    | Reached **** piety under Sif Muna
 27174 | IceCv    | Reached XP level 14. HP: 108/108 MP: 13/26
 27500 | IceCv    | Noticed a frost giant
 27508 | IceCv    | Killed a frost giant
 27891 | Lair:5   | Learned a level 5 spell: Fireball
 28786 | Lair:6   | Entered Level 6 of the Lair of Beasts
 29108 | Lair:6   | Reached skill level 1 in Earth Magic
 29993 | Lair:6   | Found an ornate altar of the Wu Jian Council.
 29993 | Lair:6   | Found a hide-covered altar of Uskayaw.
 30271 | Lair:6   | Reached skill level 10 in Fighting
 30866 | Lair:6   | Identified the +0 whip "Depor" {vorpal, +Blink}
 31118 | Lair:6   | Found a viscous altar of Jiyva.
 31118 | Lair:6   | Found a staircase to the Slime Pits.
 31466 | Lair:6   | Reached skill level 11 in Invocations
 32405 | D:10     | Gained mutation: A meltable icy envelope protects you from
                  | harm. (AC +0) [demonic ancestry]
 32405 | D:10     | Reached XP level 15. HP: 84/114 MP: 20/28
 32461 | D:10     | Killed crabbyslav's ghost
 33091 | D:11     | Noticed Nergalle
 33095 | D:11     | Killed Nergalle
 33294 | D:11     | Noticed Erica
 33302 | D:11     | Killed Erica
 34389 | D:12     | Found a staircase to the Orcish Mines.
 34399 | D:12     | Reached ***** piety under Sif Muna
 34561 | Orc:1    | Entered Level 1 of the Orcish Mines
 34561 | Orc:1    | Noticed Jorgrun
 34577 | D:12     | Killed Jorgrun
 34578 | D:12     | Reached skill level 12 in Invocations
 34818 | Orc:1    | Received a gift from Sif Muna
 34821 | Orc:1    | Found Sagebuil's Jewellery Shoppe.
 35255 | Orc:2    | Entered Level 2 of the Orcish Mines
 35261 | Orc:2    | Reached skill level 5 in Earth Magic
 35466 | Orc:2    | Found Mesumel's Jewellery Emporium.
 35701 | Orc:2    | Noticed an orc warlord
 36733 | Orc:2    | Killed an orc warlord
 36734 | Orc:2    | Reached skill level 10 in Spellcasting
 37013 | Orc:2    | Noticed an orc warlord
 37020 | Orc:2    | Received a gift from Sif Muna
 37021 | Orc:2    | Killed an orc warlord
 37208 | Orc:2    | Found Wanamo's Assorted Antiques.
 37444 | Orc:2    | Found Lerogah's Antique Armour Shoppe.
 37448 | Orc:2    | Found Cazyt's Antique Weapon Emporium.
 37576 | Orc:2    | Found a staircase to the Elven Halls.
 37949 | Orc:1    | Bought the ring "Siegaur" {rN+ Will++ MP+9} for 514 gold
                  | pieces
 37949 | Orc:1    | Bought the ring of the Mage {Wiz Will++ Int+3} for 672 gold
                  | pieces
 37949 | Orc:1    | Found the ring of the Mage {Wiz Will++ Int+3}
 37969 | Orc:1    | Bought an amulet of faith for 520 gold pieces
 38023 | Orc:2    | Bought a shimmering scale mail for 351 gold pieces
 38023 | Orc:2    | Identified the +0 scale mail of Secah Cemi {rElec rPois rN+
                  | Stlth-} (You bought it in a shop on level 2 of the Orcish
                  | Mines)
 38344 | D:12     | Learned a level 4 spell: Dispel Undead
 39060 | D:13     | Gained mutation: You have a pair of antennae on your head.
                  | [demonic ancestry]
 39060 | D:13     | Reached XP level 16. HP: 123/124 MP: 6/30
 39320 | D:13     | Reached skill level 13 in Invocations
 39690 | D:13     | Received a gift from Sif Muna
 40281 | D:13     | Found a gate to the Vaults.
 40292 | D:13     | Identified the Catalogue of Changing and Evil Arts
 40351 | D:13     | You fall into a shaft and drop 1 floor!
 40351 | D:14     | Found a flagged portal.
 40355 | D:14     | Identified the +4 halberd of the Fulmar {flame, Str+2}
 40364 | Bailey   | Entered a bailey
 41675 | D:14     | Learned a level 5 spell: Borgnjor's Vile Clutch
 41876 | D:14     | Identified Sif Muna's Volume of Enthralling Confrontation
                  | (Sif Muna gifted it to you on level 14 of the Dungeon)
 41876 | D:14     | Received a gift from Sif Muna
 42163 | D:15     | Entered Level 15 of the Dungeon
 42429 | D:15     | Found Xoix's Distillery.
 42945 | D:15     | Found a staircase to the Depths.
 42998 | D:15     | Found Cel Qetamal's Weapon Shop.
 43016 | D:15     | Noticed Josephine
 43021 | D:15     | Killed Josephine
 43093 | D:15     | Found Iphown's Book Shop.
 43207 | D:15     | Found Qefuog's General Store.
 43673 | Snake:1  | Entered Level 1 of the Snake Pit
 43687 | Lair:4   | Reached skill level 10 in Fire Magic
 43687 | Lair:4   | Reached skill level 14 in Invocations
 44289 | Snake:1  | HP: 6/125 [salamander/arrow (10)]
 45233 | Snake:1  | Found Kuschuth's Weapon Emporium.
 45395 | Snake:1  | Reached XP level 17. HP: 94/131 MP: 3/31
 45801 | Snake:2  | Noticed Asterion
 45807 | Snake:2  | Killed Asterion
 45859 | Snake:2  | Identified Sif Muna's Collected Works on Destructive Flight
                  | (Sif Muna gifted it to you on level 2 of the Snake Pit)
 45859 | Snake:2  | Received a gift from Sif Muna
 45965 | Snake:2  | Learned a level 6 spell: Iron Shot
 45977 | Snake:2  | Upgraded the game from 0.27-a0-1189-gb8eb6cee8e to
                  | 0.27-a0-1193-g8631133539
 46209 | Snake:2  | Identified the +2 robe of a Thousand Mice {Rampage Str-2
                  | Int-2 SInv}
 47284 | Snake:3  | Reached skill level 15 in Invocations
 48597 | Snake:3  | Reached skill level 15 in Conjurations
 49425 | Snake:4  | Entered Level 4 of the Snake Pit
 50237 | Snake:4  | Identified Sif Muna's Disquisition on Curses (Sif Muna
                  | gifted it to you on level 4 of the Snake Pit)
 50237 | Snake:4  | Received a gift from Sif Muna
 50763 | D:15     | Bought a book of Annihilations for 1656 gold pieces
 51484 | Snake:4  | Reached skill level 16 in Invocations
 52310 | Snake:3  | Reached skill level 10 in Earth Magic
 52542 | Snake:4  | Reached XP level 18. HP: 108/140 MP: 0/33
 52891 | Snake:4  | Learned a level 5 spell: Lee's Rapid Deconstruction
 53238 | Snake:4  | HP: 7/140 [naga ritualist/Olgreb's Toxic Radiance (1)]
 54110 | Snake:4  | Identified Sif Muna's Handbook of Unstable Battle Magic
                  | (Sif Muna gifted it to you on level 4 of the Snake Pit)
 54110 | Snake:4  | Received a gift from Sif Muna
 54617 | Snake:4  | Reached skill level 17 in Invocations
 55029 | Snake:4  | Got a serpentine rune of Zot
 55447 | Shoals:1 | Entered Level 1 of the Shoals
 56214 | Shoals:1 | Noticed Aizul
 56241 | Shoals:1 | Killed Aizul
 56324 | Shoals:1 | Identified Kubbuar's Catalogue of Entrancing Clay (Sif Muna
                  | gifted it to you on level 1 of the Shoals)
 56324 | Shoals:1 | Received a gift from Sif Muna
 57189 | Shoals:2 | Identified the +0 robe of Pride {Rampage Dex+7}
 57549 | Shoals:2 | Found a stormy altar of Qazlal.
 58483 | Shoals:2 | Gained mutation: You have a pair of large antennae on your
                  | head. (SInv) [demonic ancestry]
 58483 | Shoals:2 | Reached XP level 19. HP: 148/148 MP: 26/35
 59302 | Shoals:3 | Identified the +6 arbalest of the Skies Above {freeze,
                  | Int+3}
 60320 | Shoals:3 | Reached skill level 18 in Invocations
 60695 | Shoals:3 | Learned a level 1 spell: Freeze
 60813 | Shoals:3 | Identified Sif Muna's Tome of Darkness (Sif Muna gifted it
                  | to you on level 3 of the Shoals)
 60813 | Shoals:3 | Received a gift from Sif Muna
 61177 | Shoals:3 | Reached skill level 1 in Ice Magic
 61569 | Shoals:4 | Entered Level 4 of the Shoals
 62258 | Shoals:4 | Identified the Volume of Dislocation and the Volcanoes
 62535 | Shoals:4 | Found Lakexac's Armour Boutique.
 62712 | Shoals:4 | Identified the +4 mace of Invincibility {flame, Will+
                  | rCorr}
 62948 | Shoals:4 | Got a barnacled rune of Zot
 63634 | Vaults:1 | Entered Level 1 of the Vaults
 63708 | Vaults:1 | Found a ruined gateway.
 63712 | Desolati | Entered the Desolation of Salt
 64262 | Desolati | Identified the ring "Cuseorr" {rF+ Int+5}
 64263 | Desolati | Identified the ring "Wunikkax" {Wiz rElec Will+ Int+3
                  | Stlth+}
 64278 | Desolati | Identified the ring of Egalitarianism {rC+ Will+}
 64283 | Desolati | Identified the Incunabulum of the Bewitching Escort
 64411 | Desolati | Identified Huleh's Handbook of the Destructive Rocks (Sif
                  | Muna gifted it to you in the Desolation of Salt)
 64411 | Desolati | Received a gift from Sif Muna
 64612 | Desolati | Identified the ring of Biomump {rElec rF+ Str+2 Dex+6}
 64930 | Desolati | Identified the ring of Gaewk {EV+4 Int+4 Dex+2}
 65248 | Desolati | Identified the ring "Hastrauh" {Fly Dex+3}
 65253 | Desolati | Identified the +0 ring mail "Etukog" {rElec rF- rN+ Str+2}
 65648 | Vaults:1 | Gained mutation: You punish those that try to bend your
                  | will. (Will+) [demonic ancestry]
 65648 | Vaults:1 | Reached XP level 20. HP: 157/157 MP: 18/36
 66184 | Vaults:1 | Found a runed translucent gate.
 66184 | Vaults:1 | Found a runed translucent gate.
 66284 | Vaults:1 | Identified the +5 glaive of Qazlal's Reproof {vorpal, rElec
                  | rF+ rC+ Stlth-}
 66301 | Vaults:1 | Found a runed translucent gate.
 67102 | Vaults:1 | Reached skill level 1 in Armour
 67447 | Vaults:1 | Noticed celly00's ghost (adept TeWz)
 67932 | Vaults:1 | Upgraded the game from 0.27-a0-1193-g8631133539 to
                  | 0.27-a0-1196-g3e9cee4cb2
 68008 | Vaults:1 | Killed celly00's ghost
 68008 | Vaults:1 | Identified Sif Muna's Grimoire of the Rocks and Shape
                  | Shifting (Sif Muna gifted it to you on level 1 of the
                  | Vaults)
 68008 | Vaults:1 | Received a gift from Sif Muna
 69407 | Vaults:2 | Reached skill level 19 in Invocations
 69511 | Vaults:2 | Reached skill level 5 in Ice Magic
 69901 | Vaults:2 | Identified Gifuruc's Incunabulum of Transmutation and
                  | Malediction (Sif Muna gifted it to you on level 2 of the
                  | Vaults)
 69901 | Vaults:2 | Received a gift from Sif Muna
 71347 | Vaults:3 | Gained mutation: Your movements are significantly less
                  | encumbered by armour. (ER -6) [demonic ancestry]
 71347 | Vaults:3 | Reached XP level 21. HP: 165/165 MP: 38/38
 71528 | Vaults:3 | Found a magical portal.
 71531 | WizLab   | Entered Wucad Mu's Monastery
 71692 | WizLab   | HP: 8/165 [grey draconian monk[old memories] (8)]
 71712 | WizLab   | HP: 1/165 [grey draconian monk[old memories] (13)]
 71713 | WizLab   | Slain by a grey draconian monk

Illustrated notes

Levels and vault maps discovered:
D:1:      giann_horns, layout_basic, serial_shops, shop, interstate_on_off
D:2:      layout_basic, shapermc_ecumenical_altar_hornbeckon,
          amcnicky_mini_corridor_feature
D:3:      layout_basic, serial_curves, eino_curves_04, eino_curves_02, uniq_ijyb
D:4:      layout_rooms, uniq_pikel, uniq_sigmund
D:5:      layout_basic, gammafunk_ghost_hive, st_stairs_6, uniq_eustachio
D:6:      layout_cave_pods, nicolae_overflow_hidden_temple,
          minmay_temple_entry_junction_2, kennysheep_crisscross,
          kennysheep_another_room, minmay_fractal_squares_diagonal_5
D:7:      layout_cave_pools, evilmike_ruin_ashenzari
D:8:      layout_rooms, grunt_temple_overflow_holy_war,
          chequers_temple_overflow_statue_of_worship, minmay_misc_feat_rugged,
          uniq_gastronok
D:9:      layout_grid_maze, serial_shops, nicolae_shop_behind_doors,
          minivault_14, uniq_maggie
D:10:     layout_roguey, dpeg_oklobed_lair, gammafunk_ghost_smash,
          hangedman_decor_peaks_small, lightli_corner_chamber, uniq_psyche
D:11:     layout_irregular_city, uniq_nergalle, uniq_erica
D:12:     layout_cave_pools, kennysheep_orc_monster_closet_entryway
D:13:     nzn_winding_woodlands_medium [nzn_winding_woodlands_hourglass,
          nzn_winding_woodlands_5x15_garden,
          nzn_winding_woodlands_5x5_checkerboard,
          nzn_winding_woodlands_5x5_three, nzn_winding_woodlands_center_garden,
          nzn_winding_woodlands_5x5_default, nzn_winding_woodlands_5x5_cross,
          nzn_winding_woodlands_5x15_jagged,
          nzn_winding_woodlands_5x5_perimeter], layout_cave_pools,
          grunt_vaults_entry_tiered
D:14:     layout_basic, enter_bailey_2
D:15:     gammafunk_enter_depths_forms, layout_loops_cross,
          minmay_crystal_water, serial_shops, nicolae_shop_crystal, shop_statue,
          shop, shop, uniq_josephine
Temple:   nicolae_temple_elliptical
Lair:1:   minmay_lair_venomous_thicket, layout_cave_pods
Lair:2:   layout_regular_city, lemuel_fruit_fields
Lair:3:   layout_gridlike, enter_volcano_1, grunt_megastairs_2,
          minmay_lair_oklob_chamber
Lair:4:   layout_misc_corridors, elwin_shoals_entry_rooms,
          guppyfry_snake_entry_island
Lair:5:   layout_long_grid, portal_ice_cave_entry_animals_and_master,
          small_statue_intersection, lemuel_fruit_fields, serial_bayou_shore_a,
          uniq_snorg
Lair:6:   evilmike_catoblepas_cave, layout_gridlike,
          dpeg_slime_entry_enclosed_altar, nzn_masters_of_martial_movement
Shoals:1: layout_shoals, uniq_aizul
Shoals:2: nzn_motion_control, layout_shoals, lemuel_oklob_altar
Shoals:3: layout_shoals, nzn_prometheus_bound
Shoals:4: shoals_end_grunt_ice, layout_shoals, serial_shops, shop_fountains
Snake:1:  layout_misc_corridors, serial_shops, nicolae_shop_window_shopping
Snake:2:  layout_cave_town, nicolae_coiled_stairwell_up, uniq_asterion
Snake:3:  layout_onion, guppyfry_library_mini
Snake:4:  snake_pit_salamanders_mu, layout_cave_shapes, minmay_snake_pond
Orc:1:    layout_caves, serial_shops, shop, uniq_jorgrun
Orc:2:    grunt_orc_community_town_hall, layout_diamond_mine,
          grunt_orc_community_big_house_1, grunt_orc_community_big_house_2,
          grunt_orc_community_house_1, grunt_orc_community_house_2,
          grunt_orc_community_house_1, grunt_orc_community_house_2,
          grunt_orc_community_house_2
Vaults:1: gammafunk_vaults_ghost_spectres, v_misc_3, ontoclasm_vaults_hangar,
          nicolae_vaults_network_barrier, vaults_room_stairs_pillars,
          vaults_room_semicircle, hangedman_vaults_river_flow,
          vaults_room_door_ring, ontoclasm_vaults_shuriken,
          layout_vaults_omnigrid, portal_desolation_entry_salt
Vaults:2: v_misc_13, nicolae_vaults_network_quincunx
          [nicolae_vaults_network_quincunx_subvault,
          nicolae_vaults_network_quincunx_subvault,
          nicolae_vaults_network_quincunx_subvault,
          nicolae_vaults_network_quincunx_subvault,
          nicolae_vaults_network_quincunx_subvault], vaults_mumra_bighexcomb,
          v_pattern_3, nicolae_vaults_what_the_h, vaults_room_hallway,
          nicolae_vaults_network_quinsquares
          [nicolae_vaults_network_quincunx_subvault,
          nicolae_vaults_network_quincunx_subvault,
          nicolae_vaults_network_quincunx_subvault,
          nicolae_vaults_network_quincunx_subvault],
          nicolae_vaults_windows_and_doors_thing, v_misc_13, v_misc_27,
          nicolae_vaults_little_squares_5, layout_vaults_maze_snakey
Vaults:3: minmay_crypt_entry_simple_sparse, hangedman_vaults_hat,
          grunt_vaults_funnel, ontoclasm_vaults_tryst, st_diamondy,
          ontoclasm_vaults_hangar, nicolae_vaults_diagonal_hallway_7,
          grunt_vaults_hallway_short, nicolae_vaults_angled_halls,
          vaults_room_pool, vaults_mumra_hex, layout_vaults_omnibox,
          serial_shops, nicolae_shop_behind_doors, mu_enter_wizlab_7
WizLab:   wizlab_wucad

Skill      XL: |  1  2  3  4  5  6  7  8  9 10 11 12 13 14 15 16 17 18 19 20 |
---------------+-------------------------------------------------------------+-----
Fighting       | 1 2 3 4 5 6 7 8 9 10 11 12 13 14 | 14.2
Necromancy     | 5 6 7 8 9 10 11 12 13 | 13.0
Spellcasting   | 3 4 5 6 7 8 9 10 11 12 13 | 13.3
Conjurations   | 2 3 4 6 8 9 10 11 13 14 15 16 | 16.8
Fire Magic     | 1 2 4 5 6 7 9 10 | 10.0
Translocations | 2 |  2.1
Invocations    | 4 8 10 11 12 14 16 17 18 19 | 19.0
Hexes          | 4 6 |  6.0
Shields        | 4 |  4.0
Earth Magic    | 3 6 8 10 11 13 14 | 14.0
Ice Magic      | 3 5 |  5.6
Dodging        | 4 |  4.3
Armour         | 3 |  3.9
Stealth        | |  1.7

Action                   |  1- 3 |  4- 6 |  7- 9 | 10-12 | 13-15 | 16-18 | 19-21 || total
-------------------------+-------+-------+-------+-------+-------+-------+-------++-------
Melee: Staff             |     3 |     2 |    21 |    53 |    35 |    40 |    45 ||   199
       Whip              |     3 |    66 |       |   116 |       |       |       ||   185
       Dagger            |       |       |     6 |    99 |    10 |       |       ||   115
 Cast: Pain              |    63 |    79 |   202 |   238 |       |       |       ||   582
       Animate Skeleton  |    10 |    10 |     1 |       |       |       |       ||    21
       Vampiric Draining |       |     6 |    32 |    81 |     2 |       |       ||   121
       Foxfire           |       |     8 |    17 |   140 |    10 |     4 |       ||   179
       Animate Dead      |       |       |     6 |    10 |     3 |       |       ||    19
       Agony             |       |       |     4 |    27 |     7 |     6 |       ||    44
       Sticky Flame      |       |       |       |    70 |    42 |    19 |       ||   131
       Inner Flame       |       |       |       |    32 |   142 |    82 |    41 ||   297
       Stone Arrow       |       |       |       |    15 |   477 |   221 |       ||   713
       Blink             |       |       |       |       |     6 |    17 |     6 ||    29
       Fireball          |       |       |       |       |    90 |    42 |     1 ||   133
       Dispel Undead     |       |       |       |       |    10 |     4 |    21 ||    35
       Borgnjor's Vile C |       |       |       |       |       |    94 |    70 ||   164
       Iron Shot         |       |       |       |       |       |   446 |   408 ||   854
       Lee's Rapid Decon |       |       |       |       |       |    45 |    75 ||   120
       Ignition          |       |       |       |       |       |       |     1 ||     1
       Shatter           |       |       |       |       |       |       |     3 ||     3
Invok: Channel Magic     |       |       |       |     5 |     7 |    11 |    11 ||    34
       Forget Spell      |       |       |       |       |     1 |       |       ||     1
       Divine Exegesis   |       |       |       |       |       |       |     4 ||     4
Evoke: Wand              |       |     1 |       |       |       |     2 |       ||     3
  Use: Scroll            |       |     5 |     1 |    24 |     7 |    11 |     6 ||    54
       Potion            |       |     1 |       |       |     3 |     5 |     6 ||    15
 Stab: Sleeping          |       |       |       |       |       |     1 |       ||     1
Armor: Robe              |     1 |    23 |    69 |   205 |    70 |       |       ||   368
       Leather armour    |       |       |       |       |    48 |   262 |   171 ||   481
Dodge: Dodged            |     7 |    53 |    82 |   390 |   160 |   266 |   183 ||  1141
Block: Other             |       |    19 |    24 |   101 |     4 |       |       ||   148
       Buckler           |       |       |       |       |   126 |   343 |   218 ||   687

Table legend: (Time is in decaauts)
 A = Elapsed time spent in this place.
 B = Non-inter-level travel time spent in this place.
 C = Inter-level travel time spent in this place.
 D = Time resting spent in this place.
 E = Time spent auto-exploring this place.
 F = Levels seen in this place.
 G = Mean time per level.
                   A        B        C        D        E       F      G
               +--------+--------+--------+--------+--------+-----+--------+
         Total |  72475 |  67231 |   5244 |  26095 |  25619 |  40 | 1811.9 |
       Dungeon |  26242 |  23527 |   2715 |   6864 |  11424 |  15 | 1749.5 |
        Temple |    206 |    152 |     54 |      0 |    143 |   1 |  206.0 |
          Lair |  12964 |  12029 |    935 |   4954 |   4642 |   6 | 2160.7 |
        Shoals |   8143 |   7883 |    260 |   4064 |   2142 |   4 | 2035.8 |
     Snake Pit |  10917 |  10315 |    602 |   4953 |   2883 |   4 | 2729.2 |
  Orcish Mines |   3279 |   3107 |    172 |   1300 |   1001 |   2 | 1639.5 |
        Vaults |   5950 |   5445 |    505 |   1990 |   2071 |   3 | 1983.3 |
        Bailey |    253 |    253 |      0 |    114 |      0 |   1 |  253.0 |
      Ice Cave |   1691 |   1691 |      0 |    805 |    360 |   1 | 1691.0 |
       Volcano |    808 |    808 |      0 |    334 |    178 |   1 |  808.0 |
        Wizlab |    182 |    182 |      0 |     39 |      0 |   1 |  182.0 |
    Desolation |   1833 |   1833 |      0 |    677 |    773 |   1 | 1833.0 |
               +--------+--------+--------+--------+--------+-----+--------+

Top non-repeatable levels by time:
 Snake:4: 4579 daAuts
Vaults:1: 3345 daAuts
     D:6: 2782 daAuts
     D:9: 2698 daAuts
    D:10: 2668 daAuts
  Lair:5: 2662 daAuts
 Snake:3: 2567 daAuts
Vaults:2: 2516 daAuts
  Lair:1: 2438 daAuts
Shoals:1: 2326 daAuts
  Lair:3: 2220 daAuts
    D:12: 2214 daAuts
Shoals:3: 2180 daAuts
  Lair:4: 2132 daAuts
     D:3: 2113 daAuts
